AoeStats
← 啊超

Black Forest

507082954Analyzed
4v4 RM · 15d ago on Sep 16, 2026· 40m 35s· 8 players
Game mode
Random Map
Map size
Large (8 player)
Population
200
Speed
Normal
Resources
Standard
Victory
Conquest
Starting age
Dark Age
Ending age
Imperial Age
RankedLock teamsTeams togetherTeam positionsShared explorationLock speedFull tech treeHidden civsTurbo modeCheats
Victory
Defeat
🇨🇳 Khmer · China
1131
+13
🇹🇼 Celts · Taiwan
1070
+16
🇻🇳 Turks · Vietnam
1041
+17
🇻🇳 Jurchens · Vietnam
1003
+18
🇪🇸 Romans · Spain
1106
-17
🇳🇴 Koreans · Norway
1099
-51
🇫🇷 Lithuanians · France
1031
-15
🇹🇷 Persians · Türkiye
1012
-14
CCOO0021212189
12:10 Feudal Age
15:46 Castle Age
13:51 Double-Bit Axe
14:24 Horse Collar
17:03 Wheelbarrow
16:14 Loom
17:00 Bow Saw
24:58 Gold Mining
25:00 Stone Mining
29:08 Imperial Age
26:42 Pikeman
27:15 Arson
28:43 Hand Cart
28:17 Town Watch
28:40 Scale Mail Armor
30:07 Gold Shaft Mining
29:23 Halberdier
29:32 Capped Ram
31:29 Chain Mail Armor
31:47 Furor Celtica
33:12 Plate Mail Armor
32:54 Forging
33:28 Siege Ram
35:52 Iron Casting
37:46 Blast Furnace
37:08 Conscription
36:43 Elite Woad Raider
啊超
0:44 Loom
13:17 Feudal Age
18:37 Castle Age
16:42 Double-Bit Axe
18:12 Horse Collar
30:16 Imperial Age
28:57 Husbandry
29:10 Bloodlines
29:21 Forging
29:17 Scale Barding Armor
29:26 Gold Mining
31:43 Gold Shaft Mining
32:52 Chemistry
31:30 Light Cavalry
32:52 Elite Ballista Elephant
34:59 Heavy Plow
35:10 Bow Saw
35:39 Iron Casting
35:30 Ballistics
35:53 Double Crossbow
36:11 Stone Mining
37:18 Wheelbarrow
36:55 Hussar
38:27 Siege Engineers
Dong Anh
12:53 Feudal Age
15:23 Bloodlines
19:20 Castle Age
26:30 Double-Bit Axe
30:36 Husbandry
30:59 Forging
36:03 Imperial Age
34:55 Scale Barding Armor
34:58 Horse Collar
35:14 Gold Mining
38:51 Heavy Plow
39:06 Bow Saw
40:17 Elite Steppe Lancer
phamhaianh2109
0:30 Loom
14:29 Feudal Age
20:32 Castle Age
18:33 Double-Bit Axe
18:31 Fishing Lines
18:45 Gold Mining
27:39 Imperial Age
25:43 Gillnets
25:36 Horse Collar
26:59 Heavy Plow
27:59 Wheelbarrow
28:01 Bow Saw
28:29 Padded Archer Armor
29:05 Conscription
29:38 Leather Archer Armor
32:50 Two-Man Saw
33:52 Artillery
34:51 Hand Cart
35:53 Forging
35:48 Scale Barding Armor
36:29 Bloodlines
37:48 Husbandry
38:19 Ring Archer Armor
38:12 Chain Barding Armor
38:27 Iron Casting
Attila the Hun
4:41 Loom
6:48 Loom
10:50 Feudal Age
11:24 Double-Bit Axe
19:54 Castle Age
18:48 Fishing Lines
19:28 Scale Barding Armor
19:33 Forging
20:02 Horse Collar
20:37 Gillnets
21:59 Bow Saw
23:58 Heavy Plow
24:00 Stone Mining
24:04 Gold Mining
30:23 Imperial Age
30:51 Caravan
31:21 Coinage
31:28 Conscription
31:27 Padded Archer Armor
31:18 Fletching
31:49 Chain Barding Armor
31:57 Husbandry
31:43 Cavalier
31:52 Pikeman
34:03 Leather Archer Armor
33:43 Bodkin Arrow
34:24 Iron Casting
33:47 Elite Skirmisher
35:04 Plate Barding Armor
35:08 Wheelbarrow
37:02 Chemistry
36:42 Bracer
37:12 Ring Archer Armor
38:29 Hand Cart
38:00 Town Watch
40:17 Clinker Construction
41:20 Ballistics
00_00
10:23 Loom
12:55 Feudal Age
15:18 Horse Collar
15:24 Double-Bit Axe
17:46 Castle Age
22:43 Wheelbarrow
25:18 Hand Cart
25:37 Scale Mail Armor
31:10 Imperial Age
29:24 Ballistics
29:19 Forging
30:23 Masonry
30:26 Gold Mining
31:29 Chain Mail Armor
31:36 Fortified Wall
31:07 Pikeman
33:57 Fletching
37:00 Squires
Dostoyevski
0:53 Loom
13:27 Feudal Age
18:54 Castle Age
18:04 Wheelbarrow
17:11 Horse Collar
17:18 Double-Bit Axe
17:27 Gold Mining
19:53 Heavy Plow
20:14 Bow Saw
22:32 Caravan
24:41 Hand Cart
28:45 Gold Shaft Mining
34:13 Imperial Age
32:43 Kamandaran
33:27 Ballistics
32:59 Fletching
33:20 Forging
33:16 Scale Barding Armor
34:00 Bodkin Arrow
35:05 Bloodlines
34:55 Husbandry
34:19 Cavalier
35:49 Conscription
36:37 Iron Casting
36:23 Chain Barding Armor
35:43 Savar
37:57 Crop Rotation
Godlys
0:39 Loom
11:39 Feudal Age
12:11 Double-Bit Axe
12:39 Fishing Lines
17:01 Wheelbarrow
19:19 Fletching
22:58 Castle Age
22:40 Stone Mining
22:46 Gold Mining
23:40 Gillnets
24:37 Bow Saw
25:46 Bodkin Arrow
26:55 Stone Shaft Mining
26:56 Gold Shaft Mining
28:32 Hand Cart
31:44 Imperial Age
31:52 Imperial Age
29:40 Eupseong
30:06 Crossbowman
30:51 Thumb Ring
31:53 Arbalester
32:42 Bracer
32:08 Elite Skirmisher
34:26 Siege Engineers
36:39 Chemistry
Connection lost

Rejoining the realm…

Still unreachable

The connection could not be restored.

Session expired

The server has moved on; the page needs a fresh start.